AoeStats
← dodosh

Hideout

507771570Analyzed
1v1 RM · 12d ago on Sep 19, 2026· 39m 40s· 2 players
Game mode
Random Map
Map size
Tiny (2 player)
Population
200
Speed
Normal
Resources
Standard
Victory
Conquest
Starting age
Dark Age
Ending age
Imperial Age
RankedLock teamsTeams togetherTeam positionsShared explorationLock speedFull tech treeHidden civsTurbo modeCheats
Victory
Defeat
🇧🇪 Huns · Belgium
534
+11
🇮🇹 Mongols · Italy
424
-11
larry.spaccatutto
12:16 Feudal Age
12:42 Horse Collar
12:52 Double-Bit Axe
13:47 Wheelbarrow
12:59 Loom
18:45 Gold Mining
18:46 Stone Mining
22:24 Castle Age
21:17 Man-at-Arms
24:40 Gold Shaft Mining
24:40 Stone Shaft Mining
24:20 Bow Saw
24:13 Scale Mail Armor
24:14 Padded Archer Armor
24:19 Scale Barding Armor
24:21 Heavy Plow
23:56 Long Swordsman
25:16 Pikeman
26:02 Squires
26:41 Light Cavalry
27:22 Husbandry
34:05 Hand Cart
34:12 Bloodlines
dodosh
12:32 Feudal Age
18:24 Castle Age
17:22 Double-Bit Axe
17:31 Horse Collar
18:21 Gold Mining
20:20 Bow Saw
20:50 Wheelbarrow
23:07 Heavy Plow
23:45 Gold Shaft Mining
23:18 Stone Mining
25:23 Hand Cart
25:59 Marauders
26:39 Husbandry
26:50 Bloodlines
27:57 Forging
27:53 Scale Barding Armor
29:55 Iron Casting
29:45 Chain Barding Armor
34:34 Imperial Age
31:54 Town Watch
31:55 Loom
32:57 Scale Mail Armor
32:58 Padded Archer Armor
32:48 Fletching
33:08 Thumb Ring
32:24 Elite Skirmisher
32:28 Pikeman
33:09 Squires
32:55 Arson
32:31 Man-at-Arms
36:27 Two-Man Saw
36:23 Plate Barding Armor
38:22 Blast Furnace
36:48 Elite Tarkan
38:10 Guilds
Connection lost

Rejoining the realm…

Still unreachable

The connection could not be restored.

Session expired

The server has moved on; the page needs a fresh start.